 Dungeon Crawl Stone Soup version 0.31-a0-221-gbddc013574 (webtiles) character file.

Game seed: 9791293538439436279

403 qw the Chopper (level 6, 0/39 HPs)
             Began as a Gargoyle Fighter on July 4, 2023.
             Slain by a gnoll
             ... wielding a +0 club
             ... led by a gnoll bouda
              (6 damage)
             ... on level 5 of the Dungeon.
             The game lasted 00:01:46 (3272 turns).

qw the Chopper (Gargoyle Fighter)                   Turns: 3272, Time: 00:01:46

Health: 0/39       AC: 17    Str: 22    XL:     6   Next: 86%
Magic:  6/6        EV:  6    Int:  8    God:
Gold:   283        SH:  4    Dex:  9    Spells: 5/5 levels left

rFire   . . .        Y - +0 war axe
rCold   . . .        c - +0 buckler
rNeg    + . .        n - +0 plate armour
rPois   inf          (no helmet)
rElec   +            (no cloak)
rCorr   .            h - +0 pair of gloves
SInv    .            (no boots)
Will    .....        f - amulet of regeneration Stlth
                     (no ring)
HPRegen 1.06/turn    (no ring)
MPRegen 0.10/turn

%: no passive effects
@: no status effects
A: sickness immunity, AC +4, negative energy resistance 1, electricity
resistance, torment resistance 1, petrification resistance
a: no special abilities


You were on level 5 of the Dungeon.
You visited 1 branch of the dungeon, and saw 5 of its levels.

You collected 283 gold pieces.


Innate Abilities, Weirdness & Mutations

You are immune to sickness and miasma.
Your stone body is resilient. (AC +4)
You are immune to poison.
You resist negative energy. (rN+)
You are resistant to electric shocks. (rElec)
You are resistant to unholy torment.
You are immune to petrification.


   Skills:
 - Level 4.5 Fighting
 + Level 5.9 Axes
 - Level 3.2 Armour
 - Level 3.2 Shields


You had 5 spell levels left.
You didn't know any spells.
Your spell library was empty.

Inventory:

Hand Weapons
 j - a +3 flail
 s - a +1 antimagic flail
 Y - a +0 war axe (weapon)
Armour
 c - a +0 buckler (worn)
 h - a +0 pair of gloves (worn)
 k - the +0 robe of Modesty {*Slow rCorr Dex+6 Stlth+}
   (You found it on level 2 of the Dungeon)

   Dex:       It affects your dexterity (+6).
   rCorr:     It protects you from acid and corrosion.
   *Slow:     It may slow you when you take damage.
   Stlth:     It makes you more stealthy.
 n - a +0 plate armour (worn)
Jewellery
 f - an amulet of regeneration (around neck)
 o - a ring of fire
Scrolls
 b - a scroll of identify
 l - a scroll of teleportation
Potions
 a - a potion of brilliance {unknown}
 d - 5 potions of might
 e - a potion of heal wounds
 g - a potion of lignification {unknown}
 m - a potion of curing {unknown}
 p - a potion of invisibility {unknown}

Dungeon Overview and Level Annotations

Branches:
Dungeon (5/15)
 Temple: D:4-7

Altars:
Dithmenos
Hepliaklqana
Sif Muna
Uskayaw
Vehumet

Annotations:
D:4 2 transporters


Message History

You closely miss the quokka.
The quokka is heavily wounded.
The iguana hisses angrily.
The gnoll hits you but does no damage.
The quokka bites you but does no damage.
You block the gnoll's attack.
A gnoll comes into view. It is wielding a +0 club.
You closely miss the quokka.
The quokka is heavily wounded.
The gnoll shouts!
The gnoll hits you from afar with a +0 halberd.
The quokka bites you but does no damage.
The gnoll hits you but does no damage.
You slash the quokka!
You kill the quokka!
You block the gnoll's attack.
The gnoll hits you from afar with a +0 spear.
The gnoll hits you but does no damage.
You slash the black bear!
The black bear is moderately wounded.
The gnoll barely misses you. The gnoll hits you but does no damage.
The black bear bites you but does no damage.
The black bear claws you but does no damage. x2
The gnoll hits you but does no damage. x2
You hit the black bear but do no damage.
The black bear is moderately wounded.
The black bear bites you.
The black bear claws you but does no damage.
The black bear completely misses you.
The gnoll hits you but does no damage. x2
You block the gnoll's attack.
You barely miss the black bear.
The black bear is moderately wounded.
You barely miss the gnoll bouda. You closely miss the iguana.
You hit the gnoll.
The black bear bites you but does no damage.
The black bear barely misses you. x2; You block the iguana's attack.
You block the gnoll's attack.
The gnoll hits you from afar with a +0 halberd.
The gnoll hits you from afar with a +0 halberd!
The gnoll hits you with a +0 club.
You die...

#..# ##...
#.... #....
#... ... #h###
#@g# #g.l.#
...ggg....
#.............
#..............
#####$.........
##.........
#.........


You could see a black bear, a gnoll bouda, an iguana and 4 gnolls.

Vanquished Creatures
  A scorpion (D:4)
  A hound (D:4)
  A jelly (D:5)
  A gnoll bouda (D:5)
  An iguana (D:3)
  4 adders
  13 gnolls
  A dart slug (D:4)
  3 endoplasms
  6 giant cockroaches
  9 goblins
  10 hobgoblins
  7 kobolds
  8 quokkas
  5 ball pythons (D:1)
  4 bats
  3 frilled lizards
  4 rats
82 creatures vanquished.

Notes
Turn   | Place    | Note
-------+----------+-------------------------------------------
     0 | D:1      | qw the Gargoyle Fighter began the quest for the Orb.
     0 | D:1      | Reached XP level 1. HP: 14/14 MP: 1/1
     0 | D:1      | 0 ||| qw: Version: 0.3-a-41-g9d075ac
     0 | D:1      | 0 ||| qw: Game counter: 733
     0 | D:1      | 0 ||| qw: Melee chars always use a shield: true
     0 | D:1      | 0 ||| qw: God list: Okawaru
     0 | D:1      | 0 ||| qw: Allow faded altars: false
     0 | D:1      | 0 ||| qw: Do Orc after clearing Dungeon:15 true
     0 | D:1      | 0 ||| qw: Do second Lair branch before Depths: true
     0 | D:1      | 0 ||| qw: Lair rune preference: random
     0 | D:1      | 0 ||| qw: Goals: Normal, Zot:1-4, Slime:5, God:TSO, Crypt,
                  | Tomb, Abyss, Pan, Hells, Win
     0 | D:1      | 0 ||| PLANNING D:1-11
    58 | D:1      | Reached skill level 2 in Axes
    92 | D:1      | Reached XP level 2. HP: 19/19 MP: 2/2
   155 | D:1      | 155 ||| DROPPING +0 club.
   180 | D:1      | 180 ||| Stepping ~*~*~tactically~*~*~ (stealth).
   181 | D:1      | 181 ||| Stepping ~*~*~tactically~*~*~ (stealth).
   317 | D:1      | Reached skill level 3 in Axes
   393 | D:1      | Reached XP level 3. HP: 23/23 MP: 3/3
   483 | D:1      | Found a faded altar of an unknown god.
   641 | D:1      | 641 ||| Stepping ~*~*~tactically~*~*~ (stealth).
   787 | D:1      | 787 ||| UPGRADING to amulet of regeneration.
   792 | D:1      | 792 ||| READING scroll labelled IZIFORIU RUIPP.
   793 | D:1      | 793 ||| READING scroll labelled LISKIV OLATS.
   797 | D:1      | 797 ||| READING scroll labelled MIRRONUCUS.
   830 | D:2      | 830 ||| Stepping ~*~*~tactically~*~*~ (stealth).
  1014 | D:2      | Identified the +0 robe of Modesty {*Slow rCorr Dex+6
                  | Stlth+}
  1488 | D:2      | Reached XP level 4. HP: 28/28 MP: 4/4
  1713 | D:2      | 1713 ||| DROPPING +6 ring of intelligence.
  1714 | D:2      | 1714 ||| READING scroll labelled EMYCSU ZASEALA.
  1715 | D:2      | 1715 ||| READING scroll labelled PUSALAE BEMANIS.
  1716 | D:2      | 1716 ||| DRINKING 2 yellow potions.
  1821 | D:2      | 1821 ||| DROPPING potion of berserk rage.
  1943 | D:3      | Found a hide-covered altar of Uskayaw.
  1943 | D:3      | Noticed a +0 hand axe
  1943 | D:3      | Noticed a +0 dagger
  2348 | D:3      | Found a hazy altar of Hepliaklqana.
  2349 | D:3      | 2349 ||| Stepping ~*~*~tactically~*~*~ (stealth).
  2353 | D:3      | Reached skill level 4 in Axes
  2398 | D:3      | Found a shadowy altar of Dithmenos.
  2398 | D:3      | Noticed a shadow
  2415 | D:3      | 2415 ||| UPGRADING to +0 pair of gloves.
  2420 | D:3      | 2420 ||| UPGRADING to +0 chain mail.
  2430 | D:3      | 2430 ||| DROPPING +0 scale mail.
  2431 | D:3      | 2431 ||| READING scroll labelled VUZYIT QAF.
  2432 | D:3      | 2432 ||| READING scroll labelled OPETWUOGRU.
  2433 | D:3      | 2433 ||| READING scroll labelled ADAUNK DEYRIPS.
  2598 | D:4      | Found a radiant altar of Vehumet.
  2598 | D:4      | Found a shimmering blue altar of Sif Muna.
  2649 | D:4      | Reached XP level 5. HP: 32/32 MP: 5/5
  2859 | D:4      | 2859 ||| Stepping ~*~*~tactically~*~*~ (stealth).
  2871 | D:4      | 2871 ||| Stepping ~*~*~tactically~*~*~ (stealth).
  2877 | D:4      | 2877 ||| Stepping ~*~*~tactically~*~*~ (stealth).
  2881 | D:4      | 2881 ||| STAIRDANCE
  2890 | D:3      | Reached skill level 5 in Axes
  2900 | D:3      | 2900 ||| UPGRADING to +0 plate armour.
  2910 | D:3      | 2910 ||| DROPPING +0 chain mail.
  2974 | D:4      | Reached XP level 6. HP: 39/39 MP: 6/6
  3017 | D:4      | Found a transporter.
  3018 | D:4      | 3018 ||| DROPPING +0 flail.
  3048 | D:4      | Found a transporter.
  3153 | D:4      | 3153 ||| Stepping ~*~*~tactically~*~*~ (hiding).
  3225 | D:4      | 3225 ||| DRINKING 2 black potions.
  3249 | D:5      | Entered Level 5 of the Dungeon
  3261 | D:5      | HP: 8/39 [acid (3)]
  3262 | D:5      | 3262 ||| READING 2 scrolls of teleportation.
  3264 | D:5      | Noticed a black bear
  3272 | D:5      | HP: 6/39 [gnoll/+0 halberd[a gnoll bouda] (7)]
  3272 | D:5      | Slain by a gnoll

Levels and vault maps discovered:
D:1:      giann_wishing_wells, layout_basic,
          hellmonk_ecumenical_altar_inner_sanctum, hex_large
D:2:      layout_basic, minmay_hedge_maze, kennysheep_nondescript
D:3:      layout_rooms, dancing_weapons_uskayaw,
          riverfiend_overflow_shadow_ancestor
D:4:      gammafunk_steamed_eel, layout_basic, jmf_multi_god_temple
D:5:      layout_cave_pools, nicolae_overflow_crystal_walls,
          yredelemnul_forgotten_temple_becter

Skill      XL: |  1  2  3  4  5 |
---------------+----------------+-----
Axes           | 2 3 4 5 |  5.9
Fighting       | 4 |  4.5
Armour         | |  3.2
Shields        | |  3.2

Action                     |  1- 3 |  4- 6 || total
---------------------------+-------+-------++-------
  Melee: War axe           |   108 |   158 ||   266
    Use: Scroll            |     3 |     6 ||     9
         Potion            |       |     2 ||     2
 Armour: Scale mail        |    44 |    12 ||    56
         Chain mail        |       |    19 ||    19
         Plate armour      |       |    85 ||    85
  Dodge: Dodged            |    38 |    73 ||   111
  Block: Buckler           |    12 |    44 ||    56

Table legend:
 A = Non-vault XP
 B = Vault XP
 C = Vault XP percentage of total XP
 D = Non-vault monster count
 E = Vault monster count
 F = Vault count percentage of total count
                 A         B        C        D         E       F
            +---------+---------+-------+---------+---------+-------
      Total |     562 |      15 |   2.6 |      80 |       2 |   2.4
            +---------+---------+-------+---------+---------+-------
        D:1 |      49 |       0 |   0.0 |      28 |       0 |   0.0
        D:2 |      35 |       0 |   0.0 |      14 |       0 |   0.0
        D:3 |     100 |       0 |   0.0 |      11 |       0 |   0.0
        D:4 |     283 |      15 |   5.0 |      23 |       2 |   8.0
        D:5 |      95 |       0 |   0.0 |       4 |       0 |   0.0
            +---------+---------+-------+---------+---------+-------
